Map: Frozen Temple

Players

UrsidBearMe (Seither) - Winner!

  • Race: Terran Terran
  • League: Master

JonSnow

  • Race: Zerg Zerg
  • League: Grandmaster

Event: SpawningTool Invitational 1

VOD

https://www.youtube.com/watch?v=y051JGJX31k

Description

Time

  • Played on: May 30, 2016, 5:39 p.m.
  • Length: 16:30

All games in this series

Show
View Real Time Build Order
Export as new Build Order

UrsidBearMe Terran - Winner!

Build Orders: Reaper Expand, Bio Tank 

Get SALT Encoding   

  12  0:00  SCV  
  13  0:13  SCV  
  14  0:17  Supply Depot  
  14  0:25  SCV  
  15  0:39  SCV  
  15  0:41  Barracks  
  16  0:45  Refinery  
  16  0:51  SCV  
  17  1:03  SCV  
  18  1:15  SCV  
  19  1:28  Orbital Command  
  19  1:29  Reaper  
  20  1:40  Command Center  
  20  1:50  Supply Depot  
  20  1:54  SCV  
  21  2:01  Marine  
  21  2:06  SCV  
  23  2:11  Factory  
  23  2:12  Refinery  
  23  2:19  SCV  
  24  2:25  Barracks Reactor  
  24  2:31  SCV  
  25  2:43  SCV  
  26  2:52  Orbital Command  
  26  2:55  SCV  
  26  2:56  Factory Tech Lab  
  26  2:57  Starport  
  27  3:06  Marine x2  
  27  3:07  SCV  
  27  3:11  Bunker  
  30  3:14  Supply Depot  
  30  3:16  Widow Mine  
  30  3:18  SCV  
  30  3:19  SCV  
  34  3:24  Marine x2  
  36  3:30  SCV  
  36  3:31  SCV  
  38  3:35  Medivac  
  40  3:42  Supply Depot, SCV  
  40  3:43  SCV  
  42  3:53  Marine x2  
  42  3:54  SCV  
  45  3:55  SCV  
  45  4:01  Siege Tank  
  49  4:06  SCV  
  49  4:07  SCV  
  51  4:11  Medivac  
  53  4:18  SCV  
  53  4:20  SCV  
  53  4:21  Marine  
  53  4:22  Marine  
  57  4:29  Command Center  
  57  4:31  SCV  
  58  4:32  SCV  
  58  4:35  Supply Depot  
  59  4:39  Marine x2  
  59  4:40  Liberator  
  59  4:43  SCV  
  62  4:57  SCV x2  
  67  5:00  Supply Depot  
  67  5:06  Factory Reactor  
  67  5:08  Refinery  
  67  5:09  Barracks, SCV x2  
  67  5:10  Refinery  
  67  5:12  Barracks  
  69  5:15  Marine  
  69  5:16  Stimpack  
  69  5:18  Supply Depot  
  70  5:22  SCV x2  
  70  5:34  SCV x2  
  66  5:42  Engineering Bay x2  
  66  5:43  Marine  
  66  5:44  Starport Reactor  
  66  5:45  Orbital Command  
  66  5:46  SCV x2  
  69  5:53  Factory Tech Lab  
  69  5:56  Barracks x2  
  69  5:58  SCV x2  
  71  6:05  Marine x5  
  71  6:06  Supply Depot, Orbital Command  
  71  6:10  SCV x2  
  78  6:14  Terran Infantry Weapons Level 1  
  78  6:15  Terran Infantry Armor Level 1  
  78  6:16  Siege Tank  
  81  6:23  Marine x3, SCV x2  
  86  6:29  Marine x2  
  86  6:30  Medivac  
  86  6:31  Medivac  
  92  6:35  SCV x2  
  94  6:41  Marine, SCV  
  94  6:44  Marine x2  
  99  6:47  SCV x2  
  99  6:48  Barracks Reactor, Marine  
  99  6:49  Barracks Reactor, Marine  
  99  6:51  Siege Tank  
  99  6:53  SCV  
  106  6:56  Supply Depot x2  
  106  6:59  SCV x2  
  106  7:00  Refinery  
  105  7:03  Marine x2  
  105  7:04  Marine  
  105  7:05  SCV  
  109  7:12  Supply Depot  
  109  7:13  Supply Depot  
  109  7:16  Combat Shields  
  109  7:17  Marine x2, Medivac x2  
  109  7:18  SCV  
  109  7:21  Marine x2  
  109  7:22  Marine  
  118  7:23  Siege Tank  
  118  7:25  SCV x2  
  118  7:29  Supply Depot x2  
  124  7:32  SCV  
  124  7:33  Marine x4  
  124  7:35  Marine x2  
  131  7:37  SCV  
  131  7:39  Marine x2  
  131  7:40  Marine, Armory  
  134  7:46  SCV x2  
  134  7:49  SCV  
  135  7:51  Marine x3  
  135  7:56  Marine x3  
  135  7:57  Marine  
  142  8:02  Marine x2  
  142  8:03  Medivac x2  
  142  8:04  Siege Tank  
  151  8:08  Supply Depot  
  151  8:09  Marine x3, Barracks  
  151  8:10  Barracks x2  
  154  8:14  Marine  
  154  8:15  Marine x2  
  157  8:21  Marine x2  
  157  8:25  Marine  
  160  8:27  Marine x3  
  160  8:30  Supply Depot  
  160  8:32  Refinery  
  163  8:39  Marauder  
  165  8:42  Siege Tank  
  165  8:46  Marine x8  
  176  8:54  Medivac  
  176  8:55  Medivac  
  180  9:00  Terran Infantry Armor Level 2, Marine, Terran Infantry Weapons Level 2  
  180  9:01  Terran Vehicle Weapons Level 1  
  176  9:04  Marine x6  
  176  9:05  Barracks Reactor, Marine x3, Barracks Tech Lab  
  182  9:15  Siege Tank  
  180  9:21  Marine x3  
  180  9:22  Marine  
  184  9:25  Supply Depot  
  184  9:27  Command Center  
  184  9:28  Medivac x2  
  184  9:30  Supply Depot  
  188  9:32  Barracks Tech Lab  
  188  9:44  Marine  
  188  9:45  Concussive Shells  
  189  9:46  Marine x5  
  189  9:47  Marauder  
  189  9:51  Marauder  
  198  9:56  Marine x2  
  200  10:05  Supply Depot  
  200  10:06  Supply Depot  
  200  10:10  Ghost Academy  
  200  10:12  Starport  
  200  10:13  Liberator x2  
  200  10:18  Siege Tank  
  191  10:23  Marine  
  191  10:24  Marine x3, Marauder x3  
  196  10:50  Siege Tank  
  196  10:55  Marine, Marauder x2  
  196  10:56  Liberator x3  
  197  11:03  Marine x6  
  168  11:04  Marauder  
  146  11:17  Marine x6  
  148  11:20  Marine  
  148  11:21  Marine x3  
  148  11:22  Siege Tank  
  148  11:23  Planetary Fortress  
  148  11:25  Marine x2, Marauder  
  159  11:35  Marine x4  
  159  11:36  Marauder x2  
  159  11:39  Terran Infantry Weapons Level 3  
  167  11:46  Refinery, Marine x3  
  167  11:47  Marine x3, Marauder  
  172  11:48  Refinery  
  172  11:52  Marine x2  
  180  11:54  Siege Tank  
  180  11:55  Sensor Tower  
  180  11:56  Marine x2  
  180  11:57  Marauder x2  
  183  12:04  Marine x4  
  187  12:09  Terran Infantry Armor Level 3  
  187  12:10  Command Center, Terran Ship Weapons Level 1  
  187  12:13  Starport Reactor  
  187  12:15  Marine x6  
  189  12:16  Marauder  
  189  12:20  Marine x2  
  189  12:22  Marine x3  
  199  12:33  Marine x2  
  198  12:38  Marauder  
  198  12:40  Liberator x2  
  191  12:45  Liberator x2  
  152  12:51  Marine x2  
  152  12:52  Marine x9  
  152  12:53  Marauder  
  161  12:59  Marauder  
  169  13:09  Marine x4  
  169  13:10  Marine x6  
  169  13:11  Marauder  
  181  13:14  Marine  
  182  13:20  Marine  
  183  13:27  Marine x5  
  183  13:28  Marine x2  
  183  13:32  Marauder  
  192  13:38  Marine x3, Marauder x2  
  199  13:45  Marine  
  199  13:46  Liberator  
  193  13:53  Marauder  
  191  13:58  Marine x3  
  191  13:59  Marauder  
  191  14:00  Marauder  
  195  14:12  Refinery  
  195  14:14  Marine x3  
  195  14:15  Marauder  
  200  14:52  Liberator  
  200  14:53  Liberator x2  
  200  15:00  Planetary Fortress  
  184  15:08  Marine x3  
  184  15:09  Marauder, Liberator  
  184  15:10  Marine x2  
  184  15:11  Marine x4  
  184  15:12  Marauder x2  
  172  15:17  Marine  
  172  15:26  Marine x3  
  171  15:28  Marine x2  
  171  15:30  Marauder  
  171  15:32  Marine x2, Sensor Tower  
  171  15:33  Marine x2, Marauder  
  171  15:34  Marauder  
  183  15:37  Missile Turret  
  183  15:38  Marine  
  184  15:44  Marine x3  
  186  15:51  Marine x4  
  186  15:52  Marauder  
  186  15:53  Medivac  
  200  16:10  Marine x4  
Show
View Real Time Build Order
Export as new Build Order

JonSnow Zerg 

Build Orders: Hatch First 

Get SALT Encoding   

  12  0:00  Drone  
  13  0:12  Overlord  
  13  0:17  Drone  
  14  0:31  Drone  
  14  0:32  Drone  
  16  0:35  Drone  
  17  0:53  Hatchery  
  17  0:55  Drone  
  17  1:08  Drone  
  17  1:09  Extractor  
  17  1:16  Drone, Spawning Pool  
  17  1:24  Overlord  
  17  1:28  Drone  
  18  1:41  Drone  
  19  2:02  Queen  
  19  2:03  Zergling x4  
  19  2:04  Queen  
  19  2:05  Zergling x2  
  26  2:11  Drone  
  27  2:16  Drone  
  28  2:28  Overlord  
  28  2:29  Metabolic Boost  
  28  2:35  Drone  
  28  2:37  Drone x2  
  30  2:40  Queen  
  32  2:44  Drone  
  32  2:47  Drone  
  34  2:52  Pneumatized Carapace  
  34  2:56  Drone  
  35  3:07  Drone x2  
  35  3:09  Overlord  
  37  3:15  Drone  
  37  3:16  Queen, Drone  
  41  3:25  Drone x2  
  41  3:26  Drone  
  44  3:31  Drone x3  
  47  3:36  Overlord  
  47  3:48  Hatchery  
  47  3:49  Drone x2  
  47  3:52  Drone  
  47  3:53  Drone  
  49  3:56  Drone x2  
  49  4:00  Extractor  
  49  4:01  Extractor  
  49  4:04  Roach Warren  
  49  4:07  Drone x2  
  49  4:08  Drone  
  49  4:09  Drone  
  52  4:14  Lair  
  52  4:19  Overlord  
  52  4:24  Overlord x2  
  52  4:44  Roach x5  
  62  4:46  Zergling x4  
  62  4:47  Zergling x2  
  62  4:51  Zergling x2  
  66  5:00  Drone x4  
  66  5:04  Drone x2  
  66  5:05  Drone x3  
  74  5:08  Ravager x2  
  73  5:16  Drone  
  73  5:17  Drone x2  
  76  5:22  Glial Reconstitution  
  76  5:23  Overseer  
  76  5:26  Drone  
  76  5:27  Drone x2  
  78  5:32  Evolution Chamber x2  
  72  5:37  Roach  
  72  5:38  Roach x4  
  82  5:46  Extractor  
  82  5:47  Extractor, Queen  
  82  5:49  Extractor  
  81  5:55  Overlord  
  81  5:56  Drone  
  82  5:57  Overlord x3  
  82  6:00  Zerg Missile Weapons Level 1, Zerg Ground Armor Level 1  
  82  6:15  Overlord  
  83  6:18  Drone x3  
  83  6:19  Drone x5  
  83  6:23  Overlord, Ravager  
  83  6:24  Ravager x3  
  83  6:25  Overlord  
  90  6:36  Drone x5  
  90  6:37  Drone x3  
  94  6:41  Overlord  
  94  6:46  Overlord  
  94  6:48  Roach  
  94  6:53  Roach  
  97  6:56  Queen  
  97  7:00  Roach  
  97  7:01  Roach x4  
  104  7:04  Overlord  
  104  7:11  Roach x2  
  104  7:13  Drone, Hatchery  
  108  7:20  Overlord  
  108  7:22  Drone x2  
  110  7:23  Drone  
  110  7:24  Spore Crawler  
  110  7:26  Roach  
  110  7:29  Overlord  
  112  7:30  Drone  
  112  7:32  Queen, Roach  
  112  7:33  Roach x2  
  121  7:45  Roach x3  
  127  7:51  Roach x2  
  127  7:52  Roach x2  
  127  7:54  Roach, Hatchery  
  127  7:55  Roach x3  
  142  7:59  Ravager x7  
  142  8:00  Ravager, Drone  
  142  8:03  Overlord  
  151  8:06  Roach x3  
  151  8:10  Roach x2  
  161  8:16  Overlord  
  161  8:23  Roach x2  
  161  8:25  Overlord  
  165  8:28  Roach  
  165  8:31  Zerg Melee Weapons Level 1  
  165  8:33  Infestation Pit  
  166  8:39  Roach x5  
  177  8:41  Drone  
  177  8:47  Drone  
  177  8:48  Zerg Ground Armor Level 2  
  177  8:53  Drone x4  
  179  8:56  Roach Warren  
  168  9:10  Hive  
  168  9:13  Infestor x2  
  168  9:16  Overlord  
  172  9:22  Burrow  
  172  9:23  Drone  
  173  9:25  Spore Crawler  
  173  9:28  Zergling x2  
  173  9:29  Zergling x18  
  173  9:30  Extractor x2  
  180  9:33  Queen  
  182  9:39  Zergling x10  
  182  9:45  Ravager  
  188  9:46  Ravager x4  
  188  9:47  Zergling x6  
  188  9:48  Queen  
  197  10:01  Drone  
  197  10:02  Drone x2  
  197  10:03  Overlord  
  200  10:20  Roach x7  
  199  10:26  Adrenal Glands  
  199  10:27  Ultralisk Cavern  
  196  10:41  Ravager x3  
  196  10:42  Ravager  
  195  10:51  Zergling x12  
  195  10:52  Zergling x2  
  190  11:03  Roach x12  
  184  11:08  Roach x3  
  153  11:13  Roach  
  153  11:16  Chitinous Plating  
  148  11:20  Zergling x2, Ultralisk x2  
  148  11:21  Queen  
  148  11:24  Infestor  
  165  11:35  Ultralisk  
  165  11:36  Zergling x6  
  174  11:41  Zergling x6  
  174  11:42  Zerg Melee Weapons Level 2  
  177  11:48  Drone x3  
  180  11:59  Ultralisk  
  180  12:00  Zergling x12  
  190  12:09  Spire  
  190  12:14  Zergling x2, Ultralisk  
  190  12:15  Zergling x6  
  198  12:31  Roach  
  198  12:32  Zergling x2  
  200  12:37  Overlord  
  185  12:47  Ultralisk x3  
  185  12:48  Zergling x2  
  174  12:52  Zergling x24  
  174  12:58  Pathogen Glands  
  180  13:03  Drone x2  
  182  13:12  Zerg Ground Armor Level 3  
  182  13:23  Hatchery  
  182  13:24  Corruptor x3  
  187  13:31  Zerg Flyer Armor Level 1  
  187  13:34  Infestor  
  189  13:49  Extractor x2  
  189  13:52  Infestor x3  
  185  13:59  Zergling x8  
  179  14:09  Ultralisk  
  176  14:20  Ravager x2  
  178  14:25  Zergling x16  
  178  14:26  Zergling x6  
  189  14:37  Ultralisk  
  189  14:38  Zergling x8  
  199  14:52  Hatchery  
  164  15:07  Corruptor x5  
  164  15:08  Corruptor  
  123  15:16  Zergling x10  
  124  15:22  Infestor x2  
  124  15:25  Corruptor x2  
  131  15:28  Zergling x6  
  131  15:31  Zergling x2  
  131  15:34  Ravager  
  134  15:43  Infestor x2  
  134  15:48  Corruptor x2  
  141  15:56  Zergling x2  
  141  15:57  Zergling x14  
  146  16:10  Zergling x18  
  146  16:11  Zergling x2  
  143  16:13  Zergling x2  
Tags
 
Add a new tag
Caveats
  • Supply blocks, unpowered buildings, or Contaminate may cause inaccurate times.
  • Supply counts are checked every 10 seconds.